 Dungeon Crawl Stone Soup version 0.31.0-11-ge490571c62 (webtiles) character file.

Game seed: 6175675967393206229

12748 javelincjr the Mimic (level 11, -10/99 HPs)
             Began as a Minotaur Shapeshifter on Feb 7, 2024.
             Was a Follower of Trog.
             Killed from afar by Lodul (25 damage)
             ... with a bolt of lightning
             ... on level 9 of the Dungeon.
             The game lasted 00:35:50 (10445 turns).

javelincjr the Mimic (Minotaur Shapeshifter)       Turns: 10445, Time: 00:35:50

Health: -10/99     AC:  5    Str: 24    XL:     11   Next: 66%
Magic:  11/11      EV: 13    Int:  7    God:    Trog [*.....]
Gold:   608        SH:  0    Dex:  9    Spells: 10/10 levels left

rFire   . . .        i - melded +6 quarterstaff (chaos)
rCold   + . .        (shield currently unavailable)
rNeg    . . .        v - +3 leather armour {rC+}
rPois   .            (helmet unavailable)
rElec   .            k - +0 cloak
rCorr   +            (gloves currently unavailable)
SInv    .            (no boots)
Will    .....        (no amulet)
Stlth   +            r - +4 ring of slaying
HPRegen 0.36/turn    n - ring of resist corrosion
MPRegen 0.12/turn

%: no passive effects
@: blade hands, hasted, very quick
A: horns 3, retaliatory headbutt, high MP 1
a: Begin Untransformation, Renounce Religion, Berserk


You were on level 9 of the Dungeon.
You worshipped Trog.
Trog was aware of your devotion.
You had blades for hands.
You visited 2 branches of the dungeon, and saw 11 of its levels.
You also visited: Sewer.

You collected 608 gold pieces.

Inventory:

Hand Weapons
 i - a +6 quarterstaff of chaos (melded)
 j - a +0 trident
 m - a +2 dagger of freezing
 s - a +0 sling
 E - a +5 falchion
Missiles
 q - 19 poisoned darts (quivered)
 F - 3 boomerangs
 K - 2 javelins
Armour
 a - a +0 animal skin
 k - a +0 cloak (worn)
 p - a +0 scale mail of positive energy
 u - a +2 scale mail of poison resistance
 v - a +3 leather armour of cold resistance (worn)
 y - a +0 helmet
Jewellery
 n - a ring of resist corrosion (right blade hand)
 r - a +4 ring of slaying (left blade hand)
 L - a ring of protection from fire
 S - a ring of magical power
Talismans
 c - a beast talisman
 d - a flux talisman
 J - a blade talisman (active)
Wands
 g - a wand of quicksilver (6)
 l - a wand of polymorph (26)
 N - a wand of paralysis (6)
 O - a wand of digging (8)
 R - a wand of flame (16)
Scrolls
 f - 5 scrolls of teleportation
 h - a scroll of vulnerability
 w - 2 scrolls of immolation
 z - 2 scrolls of fog {unknown}
 A - a scroll of amnesia {unknown}
 D - a scroll of blinking {unknown}
 G - a scroll of brand weapon {unknown}
 I - a scroll of identify
 M - 2 scrolls of summoning {unknown}
Potions
 b - 3 potions of lignification
 e - 3 potions of brilliance
 o - 2 potions of mutation
 t - 3 potions of might
 x - 2 potions of invisibility
 C - a potion of enlightenment
 P - a potion of cancellation {unknown}
 Q - 2 potions of curing


   Skills:
 + Level 9.8 Fighting
 + Level 4.4 Armour
 + Level 7.5 Dodging
 + Level 9.5 Unarmed Combat
 * Level 11.2 Shapeshifting


You had 10 spell levels left.
You didn't know any spells.
Your spell library contained the following spells:

 Spells                   Type           Power      Damage    Failure   Level
 Magic Dart               Conj           0%         1d3       45%         1
 Blink                    Tloc           0%         N/A       61%         2
 Call Imp                 Summ           0%         N/A       61%         2
 Lesser Beckoning         Tloc           0%         N/A       61%         2
 Static Discharge         Conj/Air       0%         3-3/arc   61%         2
 Dazzling Flash           Conj/Hex       0%         N/A       83%         3
 Gell's Gravitas          Tloc           0%         N/A       83%         3
 Teleport Other           Tloc           0%         N/A       83%         3
 Tukima's Dance           Hex            0%         N/A       83%         3
 Volatile Blastmotes      Fire/Tloc      0%         2d10      83%         3
 Airstrike                Air            0%         2d(0-16)  99%         4
 Dimensional Bullseye     Hex/Tloc       0%         N/A       99%         4
 Iskenderun's Mystic Bla  Conj/Tloc      0%         2d3       99%         4
 Summon Lightning Spire   Summ/Air       0%         N/A       99%         4
 Starburst                Conj/Fire      0%         6d3       100%        6
 Maxwell's Capacitive Co  Air            0%         ∞         100%        8


Dungeon Overview and Level Annotations

Branches:
Dungeon (10/15)            Temple (1/1) D:7            Lair (0/5) D:9
    Orc (0/2) D:9           Sewer (visited)

Altars:
Ashenzari
Cheibriados
Dithmenos
Gozag
Hepliaklqana
Kikubaaqudgha
Makhleb
Okawaru
Qazlal
Ru
Sif Muna
Trog
Uskayaw
Vehumet
Wu Jian
Xom
Yredelemnul
Zin
The Shining One

Shops:
D:1 ?

Annotations:
D:9 Lodul


Innate Abilities, Weirdness & Mutations

You have blades for hands.
You are incapable of wielding weapons or throwing items.
You have a pair of large horns on your head.
You reflexively headbutt those who attack you in melee.
You have an increased reservoir of magic. (+10% MP)


Message History

The orc knight hits you with a +0 broad axe!
Lodul hits you with a +0 dire flail!! The basilisk barely misses you.
You furiously retaliate!
You headbutt the basilisk!
You climb upwards.
There is a stone staircase leading down, spattered with blood here.
As you read the scroll of teleportation, it crumbles to dust.
You feel strangely unstable.
The orc knight hits you with a +0 broad axe!
The basilisk closely misses you. You furiously retaliate!
You headbutt the basilisk. You slice the basilisk!!
You kill the basilisk!
Trog accepts your kill. Lodul hits you with a +0 dire flail!!
* * * LOW HITPOINT WARNING * * *
The orc knight hits you with a +0 broad axe.
* * * LOW HITPOINT WARNING * * *
You feel much better. Lodul barely misses you.
The orc knight closely misses you.
You slice the orc knight!! Your headbutt misses the orc knight.
The orc knight is severely wounded.
You closely miss the orc knight.
The orc knight is severely wounded.
Your surroundings seem slightly different.
Electricity crackles from Lodul's apparatus.
The bolt of lightning misses you.
There is an open door here.
Electricity crackles from Lodul's apparatus.
The bolt of lightning misses you.
Electricity crackles from Lodul's apparatus.
The bolt of lightning hits you!!
* * * LOW HITPOINT WARNING * * *
You feel yourself speed up.
The orc knight attacks as it pursues you!
The orc knight closely misses you. You furiously retaliate!
You headbutt the orc knight!
There is an open door here.
Electricity crackles from Lodul's apparatus.
The bolt of lightning hits you!!
You die...

####### #######
#.....#########.....#
#.....#..O...o'.....#
#.)...#.#######@....#
#>)..O'.# #.....#
##)....### #.....#
.'...>.# #.....#
##.....# #.....#
####'## ####'##
###..# #..## #...##
##..# ##'###### ##[#


You could see Lodul and an orc knight.

Vanquished Creatures
  Erica (D:9)
  A two-headed ogre (D:8)
  3 death yaks
  A hornet (D:8)
  Grinder (D:3)
  Sigmund (D:3)
  3 wyverns
  13 yaks
  2 steam dragons
  A basilisk (D:9)
  An acid dragon (D:8)
  3 orc warriors
  3 ice beasts
  2 black bears
  7 ogres
  2 sky beasts
  2 centaurs
  2 phantoms
  2 kobold brigands (Sewer)
  7 bullfrogs
  2 scorpions
  6 wights
  9 killer bees
  4 howler monkeys
  A quasit (Sewer)
  3 bombardier beetles
  4 hounds
  2 jellies
  4 orc priests
  Crazy Yiuf (D:3)
  A hell rat (D:9)
  4 sleepcaps
  4 iguanas
  7 orc wizards
  3 gnolls (D:2)
  6 adders
  A river rat (D:5)
  5 shadow imps
  2 white imps (D:6)
  An ufetubus (D:6)
  3 dart slugs
  3 ribbon worms
  28 orcs
  4 ball pythons
  7 endoplasms
  5 giant cockroaches
  6 hobgoblins
  4 jackals (D:1)
  6 quokkas
  3 bats
  6 frilled lizards
  13 goblins
  21 kobolds
  A kobold zombie (Sewer)
  10 rats
248 creatures vanquished.

Vanquished Creatures (others)
  A human (D:7)
  A giant cockroach zombie (Sewer)
  A kobold zombie (Sewer)
3 creatures vanquished.

Grand Total: 251 creatures vanquished

Notes
Turn   | Place    | Note
-------+----------+-------------------------------------------
     0 | D:1      | javelincjr the Minotaur Shapeshifter began the quest for
                  | the Orb.
     0 | D:1      | Reached XP level 1. HP: 16/16 MP: 0/0
    71 | D:1      | Reached XP level 2. HP: 23/23 MP: 1/1
   207 | D:1      | Found Naoricyt's Magic Scroll Shoppe.
   333 | D:1      | Found a faded altar of an unknown god.
   470 | D:1      | Reached XP level 3. HP: 20/29 MP: 2/2
   922 | D:2      | Reached skill level 3 in Shapeshifting
  1084 | D:2      | Reached XP level 4. HP: 37/37 MP: 3/3
  1314 | D:2      | Gained mutation: You have a pair of large horns on your
                  | head. [potion of mutation]
  1314 | D:2      | Gained mutation: You have an increased reservoir of magic.
                  | (+10% MP) [potion of mutation]
  1353 | D:3      | Reached XP level 5. HP: 42/44 MP: 4/4
  1530 | D:3      | Found a runed translucent door.
  1531 | D:3      | Noticed Crazy Yiuf
  1539 | D:3      | Killed Crazy Yiuf
  1688 | D:3      | Noticed Sigmund
  1695 | D:3      | Killed Sigmund
  1696 | D:3      | Reached skill level 4 in Shapeshifting
  1696 | D:3      | Reached XP level 6. HP: 45/52 MP: 5/5
  2094 | D:3      | Noticed Grinder
  2102 | D:3      | Killed Grinder
  2103 | D:3      | Reached skill level 5 in Unarmed Combat
  2103 | D:3      | Reached XP level 7. HP: 48/60 MP: 6/6
  2618 | D:4      | Reached skill level 5 in Shapeshifting
  2868 | D:4      | Reached skill level 5 in Fighting
  3246 | D:5      | Entered Level 5 of the Dungeon
  3343 | D:5      | Reached skill level 6 in Shapeshifting
  3343 | D:5      | Reached XP level 8. HP: 42/68 MP: 7/7
  3585 | D:5      | Reached skill level 7 in Shapeshifting
  3718 | D:5      | Found a glowing drain.
  3736 | Sewer    | Entered a sewer
  3851 | Sewer    | Found a burning altar of Makhleb.
  4308 | D:6      | Reached skill level 8 in Shapeshifting
  4441 | D:6      | Reached XP level 9. HP: 67/74 MP: 8/8
  4494 | D:6      | Reached skill level 10 in Shapeshifting
  4494 | D:6      | Reached XP level 10. HP: 85/88 MP: 10/10
  4790 | D:6      | Found an iron altar of Okawaru.
  4790 | D:6      | Found a stormy altar of Qazlal.
  4796 | D:6      | Found a snail-covered altar of Cheibriados.
  4819 | D:6      | Found an opulent altar of Gozag.
  6665 | D:7      | Found a staircase to the Ecumenical Temple.
  6677 | Temple   | Entered the Ecumenical Temple
  6689 | Temple   | Became a worshipper of Trog the Wrathful
  6866 | D:7      | Found an ancient bone altar of Kikubaaqudgha.
  7611 | D:8      | Reached skill level 1 in Armour
  8188 | D:8      | Noticed a two-headed ogre
  8191 | D:8      | Killed a two-headed ogre
  8497 | D:9      | Noticed a death yak
  8499 | D:9      | Noticed a death yak
  8500 | D:9      | Noticed a death yak
  8511 | D:8      | Killed a death yak
  8512 | D:8      | Reached XP level 11. HP: 46/97 MP: 11/11
  8700 | D:9      | Reached * piety under Trog
  8714 | D:9      | HP: 2/97 [yak (9)]
  8995 | D:9      | Found a staircase to the Orcish Mines.
  9020 | D:9      | Found a staircase to the Lair.
  9058 | D:9      | Found a transporter.
  9160 | D:9      | Found a transporter.
  9267 | D:9      | Found a shimmering blue altar of Sif Muna.
  9385 | D:9      | Noticed Erica
  9395 | D:9      | Killed Erica
  9598 | D:8      | Killed a death yak
  9599 | D:8      | Reached skill level 11 in Shapeshifting
  9604 | D:9      | Killed a death yak
  9754 | D:9      | Found a transporter.
  9871 | D:9      | Found a transporter.
  9942 | D:10     | Entered Level 10 of the Dungeon
  9968 | D:10     | Noticed Lodul
 10049 | D:10     | Noticed an orc knight
 10445 | D:9      | Killed from afar by Lodul

Illustrated notes

Levels and vault maps discovered:
D:1:      giann_bridges, layout_basic, serial_shops, nicolae_shop_hallway_plus,
          hellmonk_ecumenical_altar_arch_garden, grunt_decor_cap,
          minmay_split_cup_small
D:2:      layout_rooms
D:3:      layout_loops_cross, kennysheep_generic_room_13, uniq_sigmund,
          uniq_crazy_yiuf_cottage, uniq_grinder
D:4:      layout_loops_ring, kennysheep_potato
D:5:      layout_rooms, portal_sewer_entry_a, minmay_circle_x
D:6:      layout_loops_ring, nicolae_overflow_quartered_altars,
          minmay_misc_feat_roman, kennysheep_diamond, small_statue_intersection
D:7:      layout_layer_cave, tgw_kikubaaqudgha, temple_hall, grunt_ministairs_12
D:8:      layout_loops_cross
D:9:      layout_roguey, mainiacjoe_overflow_alcove_2, dpeg_lair_monsters,
          david_orc_2, nicolae_transporter_intersection, uniq_erica
D:10:     layout_basic, nemelex_diamond_rough_becter, kennysheep_mini_moat,
          elyvilon_altar_5, serial_shops, nicolae_inconvenience_store,
          minmay_chambers_of_fives, uniq_grum, uniq_lodul
Temple:   hellmonk_temple_forest_ring

Skill      XL: |  1  2  3  4  5  6  7  8  9 10 11 |
---------------+----------------------------------+-----
Fighting       | 2 3 4 5 8 9 |  9.8
Shapeshifting  | 3 4 6 8 10 11 | 11.2
Unarmed Combat | 4 5 8 9 |  9.5
Dodging        | 6 7 |  7.5
Armour         | 2 4 |  4.4

Action                     |  1- 3 |  4- 6 |  7- 9 | 10-12 || total
---------------------------+-------+-------+-------+-------++-------
  Melee: Unarmed           |    62 |       |       |   223 ||   285
         Headbutt          |    11 |     8 |    17 |    53 ||    89
         Dagger            |    18 |    34 |       |       ||    52
         Punch             |       |     1 |       |     2 ||     3
         Quarterstaff      |       |    26 |   130 |       ||   156
 Invoke: Berserk           |       |       |       |     1 ||     1
    Use: Scroll            |       |     3 |    11 |     5 ||    19
         Potion            |       |     3 |     1 |     7 ||    11
 Armour: Animal skin       |    31 |    31 |    23 |       ||    85
         Leather armour    |       |       |    63 |   100 ||   163
         Skin              |       |       |       |    60 ||    60
  Dodge: Dodged            |    41 |    24 |    87 |   174 ||   326
   Form: Flux              |       |       |     1 |       ||     1
         Blade             |       |       |       |     1 ||     1
